Map: 레릴락 마루

Players

HyuN - Winner!

  • Race: Zerg Zerg

JOOsh

  • Race: Terran Terran
  • League: Master

Event: Gauntlet LotV Series 1 Qualifier 1

VOD

Have the link to the VOD?

Description

Time

  • Played on: Nov. 22, 2015, 3:28 p.m.
  • Length: 8:05

All games in this series

Show
View Real Time Build Order
Export as new Build Order

HyuN Zerg - Winner!

Build Orders: Hatch First 

Get SALT Encoding   

  12  0:00  Drone  
  13  0:12  Overlord  
  13  0:17  Drone  
  14  0:30  Drone  
  14  0:31  Drone  
  14  0:35  Drone  
  17  0:51  Hatchery  
  17  0:54  Drone  
  17  0:58  Drone  
  18  1:08  Extractor  
  17  1:14  Spawning Pool  
  17  1:15  Drone  
  17  1:18  Drone  
  18  1:28  Drone  
  19  1:38  Overlord  
  19  2:02  Zergling x2, Queen  
  19  2:03  Queen, Zergling x2  
  19  2:04  Zergling x2  
  26  2:10  Metabolic Boost  
  26  2:15  Zergling x4  
  28  2:26  Overlord  
  28  2:29  Drone  
  29  2:35  Drone  
  29  2:36  Drone  
  31  2:37  Queen  
  31  2:43  Drone  
  34  2:50  Overlord  
  34  2:53  Drone  
  35  3:02  Drone  
  36  3:08  Drone  
  36  3:09  Drone  
  38  3:13  Drone  
  38  3:17  Drone  
  38  3:18  Drone x4  
  38  3:19  Drone  
  44  3:26  Overlord  
  43  3:35  Hatchery  
  42  3:42  Roach Warren  
  42  3:43  Drone  
  42  3:47  Drone  
  43  3:50  Drone  
  43  3:51  Drone x3  
  43  3:52  Drone  
  47  3:56  Extractor  
  47  3:58  Drone  
  47  4:00  Drone x3  
  50  4:05  Overlord  
  50  4:07  Overlord  
  50  4:16  Overlord  
  50  4:17  Overlord  
  50  4:21  Extractor  
  49  4:25  Roach  
  49  4:26  Roach x2  
  49  4:27  Roach x2  
  49  4:30  Roach x2  
  63  4:35  Roach  
  65  4:43  Roach  
  65  4:44  Roach  
  69  4:47  Ravager  
  70  4:54  Overlord x2  
  70  5:00  Zergling x16  
  78  5:09  Ravager x2  
  78  5:11  Zergling x4  
  78  5:13  Queen x2  
  86  5:17  Queen  
  88  5:23  Ravager  
  88  5:24  Ravager  
  90  5:29  Ravager  
  91  5:45  Ravager  
  79  6:04  Ravager  
  79  6:05  Zergling x32  
  95  6:27  Roach  
  95  6:28  Roach x5  
  107  6:48  Roach x3  
  107  6:58  Roach x4  
  100  7:11  Roach x8  
  100  7:20  Ravager x3  
  100  7:21  Zergling x2  
  104  7:23  Zergling x2  
  104  7:25  Zergling x2  
Show
View Real Time Build Order
Export as new Build Order

JOOsh Terran 

Build Orders:  

Get SALT Encoding   

  12  0:01  SCV  
  13  0:13  SCV  
  14  0:17  Supply Depot  
  14  0:25  SCV  
  15  0:39  SCV  
  15  0:42  Barracks  
  16  0:45  Refinery  
  16  0:51  SCV  
  17  1:03  SCV  
  18  1:15  SCV  
  19  1:28  Orbital Command  
  19  1:29  Barracks Reactor  
  19  1:44  Command Center  
  19  1:54  SCV  
  19  1:55  Supply Depot  
  20  2:06  SCV, Reaper x2  
  23  2:19  SCV  
  24  2:33  Command Center  
  24  2:40  Command Center  
  24  2:42  Reaper x2  
  27  2:44  SCV  
  27  2:49  Refinery  
  27  2:56  SCV  
  28  3:06  SCV  
  28  3:10  SCV  
  28  3:12  Barracks  
  30  3:19  SCV  
  31  3:23  Barracks Tech Lab  
  31  3:24  Barracks  
  31  3:26  SCV  
  32  3:35  Orbital Command  
  32  3:38  SCV  
  33  3:42  Stimpack  
  33  3:46  Bunker  
  33  3:50  SCV  
  33  3:51  Marine  
  33  3:52  SCV  
  36  4:00  Bunker  
  36  4:02  SCV x2  
  38  4:09  Orbital Command  
  38  4:13  Marine  
  38  4:14  Marine x2  
  41  4:19  Marine  
  41  4:22  Supply Depot, SCV  
  43  4:25  SCV  
  44  4:31  Marine x2  
  44  4:33  Factory  
  44  4:34  SCV  
  44  4:35  Barracks Reactor  
  44  4:36  SCV  
  44  4:37  Marine  
  49  4:39  SCV  
  50  4:47  Supply Depot  
  50  4:51  Engineering Bay  
  50  4:52  SCV  
  51  4:53  SCV  
  51  4:54  Engineering Bay  
  51  4:56  SCV  
  51  4:58  Marine x2  
  55  5:03  Refinery  
  55  5:04  SCV  
  55  5:06  SCV  
  57  5:08  SCV, Marine  
  57  5:11  Marine  
  57  5:12  Marine  
  61  5:16  SCV  
  61  5:18  Starport  
  62  5:22  Terran Infantry Weapons Level 1, Terran Infantry Armor Level 1  
  62  5:24  Factory Reactor  
  62  5:25  Marine x2  
  62  5:26  SCV  
  62  5:28  SCV  
  66  5:34  Supply Depot, SCV  
  67  5:35  Supply Depot  
  67  5:36  Refinery  
  67  5:37  Marine x2  
  67  5:42  Marine x2  
  69  5:45  SCV x2  
  73  5:53  Marine  
  73  5:54  Marine  
  73  5:57  Marine  
  59  6:00  Marine  
  59  6:03  Marine  
  56  6:11  Marine  
  56  6:12  Marine  
  56  6:14  Marine, Medivac x2  
  56  6:18  Marine  
  62  6:25  Marine  
  61  6:26  Factory Tech Lab  
  61  6:32  Supply Depot x2  
  58  6:54  Siege Tank, Marine  
  61  6:58  Marine x2  
  61  6:59  Marine  
  41  7:11  Marine  
  41  7:14  Orbital Command  
  26  7:21  Marine  
  27  7:29  Marine  
  29  7:31  SCV  
Tags
 
Add a new tag
Caveats
  • Supply blocks, unpowered buildings, or Contaminate may cause inaccurate times.
  • Supply counts are checked every 10 seconds.